 Dungeon Crawl Stone Soup version 0.16.1-30-g34a7ffa (webtiles) character file.

146 Mysteryquy the Ruffian (level 5, -1/43 (46) HPs)
             Began as a Ghoul Monk on June 25, 2015.
             Killed from afar by an orc wizard (10 damage)
             ... with a magic dart
             ... on level 3 of the Dungeon on June 26, 2015.
             The game lasted 00:05:41 (2410 turns).

Mysteryquy the Ruffian (Ghoul Monk)                 Turns: 2410, Time: 00:05:41

HP:   -1/43 (46)    AC:  4    Str: 15    XL:     5   Next: 28%
MP:   4/4           EV: 13    Int:  5    God:
Gold: 129           SH:  0    Dex: 12    Spells: 0 memorised, 4 levels left

rFire  . . .     SeeInvis .       - Unarmed
rCold  + . .     Clarity  .     a - +0 robe
rNeg   + + +     SustAb   .     (no shield)
rPois  ∞         Gourm    .     o - +1 helmet
rElec  .         Spirit   .     (no cloak)
rCorr  .         Warding  .     (no gloves)
rMut   .         Stasis   .     (no boots)
MR     .....                    (no amulet)
Stlth  +.........               (no ring)
                                (no ring)

@: confused, rotting, slowed, very slow, not resistant to hostile enchantments,
very unstealthy
A: rotting body, claws 1, carnivore 3, cold resistance 1, negative energy
resistance 3, poison resistance, slow healing 1, torment resistance, unbreathing
a: no special abilities


You were on level 3 of the Dungeon.
You were not hungry.

You visited 1 branch of the dungeon, and saw 3 of its levels.

You collected 129 gold pieces.

Inventory:

Armour
 a - a +0 robe (worn)
 o - a +1 helmet (worn)
Jewellery
 g - an uncursed ring of protection from fire {unknown}
Scrolls
 b - a scroll of random uselessness {unknown}
 c - 4 scrolls of amnesia {unknown}
 h - 4 scrolls of identify {unknown}
 j - a scroll of magic mapping {unknown}
 k - a scroll of noise {unknown}
 l - 3 scrolls of teleportation {unknown}
 q - a scroll of enchant weapon {unknown}
 r - 2 scrolls of remove curse {unknown}
 t - a scroll of recharging {unknown}
Potions
 d - a potion of ambrosia
 e - 2 potions of agility {unknown}
 i - 2 potions of heal wounds {unknown}
 n - a potion of restore abilities {unknown}
 p - a potion of cancellation {unknown}
Comestibles
 f - 2 meat rations
 m - a slice of pizza
 s - a beef jerky


   Skills:
 + Level 4.0 Fighting
 + Level 3.3 Dodging
 - Level 2.1 Stealth
 * Level 6.1 Unarmed Combat


You had 4 spell levels left.
You didn't know any spells.

Dungeon Overview and Level Annotations

Branches:
Dungeon (3/15)

Altars:
Fedhas
Nemelex Xobeh
Qazlal
The Shining One

Annotations:
D:3 foxtale's ghost, average DsWz


Innate Abilities, Weirdness & Mutations

Your body is rotting away.
You thrive on raw meat.
You have sharp fingernails.
You are carnivorous and can eat meat at any time.
Your flesh is cold resistant.
You are immune to negative energy.
Your system is resistant to poisons.
You heal slowly when monsters are visible.
You are immune to unholy pain and torment.
You can survive without breathing.


Message History

* * * LOW HITPOINT WARNING * * *
The orc wizard hits you with a dagger.
* * * LOW HITPOINT WARNING * * *
You closely miss the orc wizard.
The orc wizard is heavily wounded.
The orc wizard hits you with a dagger.
* * * LOW HITPOINT WARNING * * *
The orc wizard hits you with a dagger.
* * * LOW HITPOINT WARNING * * *
You scratch the orc wizard but do no damage.
The orc wizard is heavily wounded.
The orc wizard casts a spell.
The orc wizard blinks!
Drink which item? (? for menu, Esc to quit)
It was a potion of ambrosia.
You are confused.
You feel invigorated.
The orc wizard gestures at you while chanting.
The magic dart hits you!
You die...

##'## #.# ##...## #(#
#.....## ## #(# .......##
##.##o#
........####...#.###.###.
........+................
........####...#.###.###.
.......## ##.##§#
#.....## ## #@# ##...##
#)# ##+## ##)## #...#
#...# #...# ##.## #.# #.#


You could see an orc wizard.

Vanquished Creatures
  An orc wizard (D:3)
  5 adders
  2 oozes (D:1)
  5 orcs (D:3)
  7 bats
  6 goblins
  8 hobgoblins
  5 jackals
  4 kobolds
  2 quokkas
  3 giant cockroaches
  2 giant geckos
  7 giant newts
  9 rats
66 creatures vanquished.

Notes
Turn   | Place    | Note
--------------------------------------------------------------
     0 | D:1      | Mysteryquy, the Ghoul Monk, began the quest for the Orb.
     0 | D:1      | Reached XP level 1. HP: 19/19 MP: 1/1
   134 | D:1      | Reached XP level 2. HP: 19/26 MP: 2/2
   387 | D:1      | Reached skill level 5 in Unarmed Combat
   641 | D:1      | Reached XP level 3. HP: 20/30 MP: 3/3
   872 | D:2      | Found a glowing golden altar of the Shining One.
  1117 | D:2      | Found a blossoming altar of Fedhas.
  1120 | D:2      | Found a stormy altar of Qazlal.
  1121 | D:2      | Found a glowing golden altar of the Shining One.
  1122 | D:2      | Found a sparkling altar of Nemelex Xobeh.
  1430 | D:2      | Reached XP level 4. HP: 30/34 MP: 3/3
  1661 | D:3      | Noticed foxtale's ghost (average DsWz)
  2094 | D:3      | Reached skill level 6 in Unarmed Combat
  2094 | D:3      | Reached XP level 5. HP: 16/41 MP: 4/4
  2408 | D:3      | HP: 1/43 [orc wizard/dagger (3)]
  2410 | D:3      | Killed from afar by an orc wizard

Action                   |  1- 3 |  4- 6 || total
-------------------------+-------+-------++-------
Melee: Unarmed           |   104 |    68 ||   172
  Use: Potion            |       |     1 ||     1
 Stab: Sleeping          |     5 |       ||     5
  Eat: Chunk             |     3 |     6 ||     9
